 Dungeon Crawl Stone Soup version 0.31-a0-236-g9a0961fb85 (webtiles) character file.

Game seed: 6573281696954377023

146 qw the Shooter (level 5, -1/30 HPs)
             Began as a Gargoyle Hexslinger on July 10, 2023.
             Slain by an orc
             ... wielding a +0 trident
              (4 damage)
             ... on level 4 of the Dungeon.
             The game lasted 00:01:11 (2855 turns).

qw the Shooter (Gargoyle Hexslinger)                Turns: 2855, Time: 00:01:11

Health: -1/30      AC: 13    Str: 11    XL:     5   Next: 28%
Magic:  0/6        EV: 10    Int: 14    God:
Gold:   174        SH:  0    Dex: 14    Spells: 5/6 levels left

rFire   . . .        Y - +1 sling
rCold   . . .        (no shield)
rNeg    + . .        j - +0 ring mail
rPois   inf          (no helmet)
rElec   +            (no cloak)
rCorr   .            k - +2 pair of gloves
SInv    .            d - +0 pair of boots
Will    +....        n - amulet of guardian spirit
Stlth   +            i - ring of willpower
HPRegen 0.25/turn    (no ring)
MPRegen 0.10/turn

%: guardian spirit
@: no status effects
A: sickness immunity, AC +4, negative energy resistance 1, electricity
resistance, torment resistance 1, petrification resistance
a: no special abilities


You were on level 4 of the Dungeon.
You visited 1 branch of the dungeon, and saw 4 of its levels.

You collected 174 gold pieces.


Innate Abilities, Weirdness & Mutations

You are immune to sickness and miasma.
Your stone body is resilient. (AC +4)
You are immune to poison.
You resist negative energy. (rN+)
You are resistant to electric shocks. (rElec)
You are resistant to unholy torment.
You are immune to petrification.


   Skills:
 - Level 2.0 Fighting
 + Level 4.9 Ranged Weapons
 - Level 1.0 Armour
 - Level 1.5 Dodging
 - Level 1.0 Spellcasting
 - Level 2.6 Hexes


You had 5 spell levels left.
You knew the following spells:

 Your Spells              Type           Power      Damage    Failure   Level
a - Slow                  Hex            32%        N/A       21%         1

Your spell library contained the following spells:

 Spells                   Type           Power      Damage    Failure   Level
 Inner Flame              Hex/Fire       4%         N/A       71%         3
 Portal Projectile        Hex/Tloc       8%         N/A       71%         3
 Cause Fear               Hex            4%         N/A       90%         4

Inventory:

Hand Weapons
 Y - a +1 sling (weapon)
Armour
 d - a +0 pair of boots (worn)
 j - a +0 ring mail (worn)
 k - a +2 pair of gloves (worn)
Jewellery
 i - a ring of willpower (left hand)
 n - an amulet of guardian spirit (around neck)
Scrolls
 a - a scroll of identify
Potions
 b - a potion of curing
 c - a potion of enlightenment {unknown}
 e - a potion of might {unknown}
 g - a potion of invisibility {unknown}
 h - a potion of ambrosia {unknown}
 m - a potion of attraction {unknown}

Dungeon Overview and Level Annotations

Branches:
Dungeon (4/15)
 Temple: D:4-7

Altars:
The Shining One


Message History

The orc priest hits you but does no damage.
The orc barely misses you. The orc priest closely misses you.
You shoot a sling bullet.
The sling bullet closely misses the orc priest.
The orc barely misses you.
The orc priest invokes the aid of Beogh against you.
Beogh smites you!
You shoot a sling bullet.
The sling bullet closely misses the orc priest.
The orc closely misses you.
The orc priest hits you but does no damage.
The orc barely misses you.
You shoot a sling bullet.
The sling bullet barely misses the orc priest.
The orc priest hits you but does no damage.
The orc hits you but does no damage.
You shoot a sling bullet. The sling bullet hits the orc priest.
The orc priest is heavily wounded.
The orc priest closely misses you. The orc closely misses you.
The orc priest closely misses you.
You shoot a sling bullet.
The sling bullet closely misses the orc priest.
The orc hits you but does no damage. The orc priest closely misses you.
The orc hits you but does no damage.
You shoot a sling bullet. The sling bullet hits the orc priest.
The orc priest is severely wounded.
The orc priest closely misses you. The orc completely misses you.
You shoot a sling bullet.
The sling bullet barely misses the orc priest.
The orc priest closely misses you. The orc closely misses you.
The orc priest calls down the wrath of Beogh upon you.
Pain shoots through your body!
You shoot a sling bullet. The sling bullet hits the orc priest.
You kill the orc priest!
The orc throws a boomerang.
The boomerang closely misses you.
The orc hits you from afar with a +0 trident.
You shoot a sling bullet.
The sling bullet hits the orc but does no damage.
The orc hits you from afar with a +0 trident.
You die...

#.....#~##....#..
#.............#.#
#+##.##.....###.#
.#####..# #.#.......
# ##.###.#.~...~.
##.#.##.#.......
..###.###.#.#.......
..'....#....#.......
####...##@#oo...~.
##.###)#....... #.#
#)ooo..... #.#
#####....# #.# ..#
#.# # #.# #.# ..#


You could see an orc.

Vanquished Creatures
  A hound (D:4)
  An orc priest (D:4)
  An adder (D:1)
  2 worms (D:3)
  A dart slug (D:1)
  6 orcs
  5 bats
  3 endoplasms
  3 giant cockroaches
  5 goblins
  8 hobgoblins
  2 jackals (D:3)
  3 quokkas
  6 ball pythons
  4 frilled lizards
  6 kobolds
  7 rats
64 creatures vanquished.

Notes
Turn   | Place    | Note
-------+----------+-------------------------------------------
     0 | D:1      | qw the Gargoyle Hexslinger began the quest for the Orb.
     0 | D:1      | Reached XP level 1. HP: 12/12 MP: 2/2
     0 | D:1      | 0 ||| qw: Version: 0.3-a-52-g30416fa
     0 | D:1      | 0 ||| qw: Game counter: 4726
     0 | D:1      | 0 ||| qw: Melee chars always use a shield: true
     0 | D:1      | 0 ||| qw: God list: Okawaru
     0 | D:1      | 0 ||| qw: Allow faded altars: false
     0 | D:1      | 0 ||| qw: Do Orc after clearing Dungeon:15 true
     0 | D:1      | 0 ||| qw: Do second Lair branch before Depths: true
     0 | D:1      | 0 ||| qw: Lair rune preference: random
     0 | D:1      | 0 ||| qw: Goals: Normal
     0 | D:1      | 0 ||| PLANNING D:1-11
    39 | D:1      | 39 ||| DROPPING scroll of poison.
   194 | D:1      | Reached XP level 2. HP: 16/16 MP: 3/3
   380 | D:1      | Reached skill level 3 in Ranged Weapons
   913 | D:1      | Reached XP level 3. HP: 21/21 MP: 4/4
   947 | D:1      | 947 ||| UPGRADING to +0 pair of boots.
   952 | D:1      | 952 ||| READING 2 scrolls labelled XAHEURGH SIMEYB.
   974 | D:2      | 974 ||| STAIRDANCE
  1589 | D:2      | 1589 ||| UPGRADING to +0 ring mail.
  1599 | D:2      | 1599 ||| DROPPING +0 robe.
  1600 | D:2      | 1600 ||| UPGRADING to +2 pair of gloves.
  1605 | D:2      | 1605 ||| UPGRADING to ring of willpower.
  1606 | D:2      | 1606 ||| READING 2 scrolls labelled PASSOM ERPHE.
  1609 | D:2      | 1609 ||| DRINKING 2 puce potions.
  1812 | D:3      | Reached skill level 1 in Armour
  1812 | D:3      | Reached XP level 4. HP: 26/26 MP: 5/5
  1970 | D:3      | Found a glowing golden altar of the Shining One.
  2327 | D:3      | 2327 ||| UPGRADING to amulet of guardian spirit.
  2332 | D:3      | 2332 ||| DROPPING ring of flight.
  2333 | D:3      | 2333 ||| DRINKING 2 bubbling red potions.
  2367 | D:3      | 2367 ||| DROPPING potion of lignification.
  2430 | D:4      | 2430 ||| STAIRDANCE
  2435 | D:3      | HP: 4/26 [orc/+0 short sword (3)]
  2436 | D:3      | 2436 ||| READING scroll of teleportation.
  2567 | D:4      | Reached skill level 4 in Ranged Weapons
  2832 | D:4      | 2832 ||| Stepping ~*~*~tactically~*~*~ (outnumbered).
  2834 | D:4      | 2834 ||| Stepping ~*~*~tactically~*~*~ (outnumbered).
  2837 | D:4      | 2837 ||| Stepping ~*~*~tactically~*~*~ (outnumbered).
  2841 | D:4      | 2841 ||| Stepping ~*~*~tactically~*~*~ (outnumbered).
  2844 | D:4      | Reached XP level 5. HP: 30/30 MP: 6/6
  2847 | D:4      | HP: 6/30 [orc priest/divine providence (9)]
  2853 | D:4      | HP: 3/30 [orc priest/nerve-wracking pain (4)]
  2855 | D:4      | Slain by an orc

Levels and vault maps discovered:
D:1:      mainiacjoe_arrival_reflecting_pool, layout_basic, item_on_display_a
D:2:      layout_basic, grunt_ministairs_8, kennysheep_small_spiral,
          st_stairs_14, minmay_misc_feat_pillars
D:3:      layout_basic, lemuel_tele_altar
D:4:      cheibrodos_pilgrimage, layout_loops_corners,
          nicolae_overflow_hidden_temple, minivault_4

Skill      XL: |  1  2  3  4 |
---------------+-------------+-----
Ranged Weapons | 3 4 |  4.9
Fighting       | 2 |  2.0
Armour         | 1 |  1.0
Dodging        | |  1.5
Spellcasting   | |  1.0
Hexes          | |  2.6

Action                     |  1- 3 |  4- 6 || total
---------------------------+-------+-------++-------
   Fire: Sling             |   148 |   110 ||   258
    Use: Scroll            |     2 |     1 ||     3
         Potion            |     1 |     1 ||     2
 Armour: Robe              |    24 |       ||    24
         Ring mail         |     3 |    64 ||    67
  Dodge: Dodged            |    46 |    71 ||   117

Table legend:
 A = Non-vault XP
 B = Vault XP
 C = Vault XP percentage of total XP
 D = Non-vault monster count
 E = Vault monster count
 F = Vault count percentage of total count
                 A         B        C        D         E       F
            +---------+---------+-------+---------+---------+-------
      Total |     153 |      56 |  26.8 |      56 |       8 |  12.5
            +---------+---------+-------+---------+---------+-------
        D:1 |      47 |       0 |   0.0 |      22 |       0 |   0.0
        D:2 |      16 |       6 |  27.3 |      10 |       4 |  28.6
        D:3 |      39 |       0 |   0.0 |      18 |       0 |   0.0
        D:4 |      51 |      50 |  49.5 |       6 |       4 |  40.0
            +---------+---------+-------+---------+---------+-------
